[Event "Titled Tuesday Blitz July 6 2021"]
[White "Koellner, Ruben Gideon"]
[Black "Siva Mahadevan"]
[WhiteFideId "12993093"]
[BlackFideId "25043153"]
[WhiteElo "2542"]
[BlackElo "2203"]
[Result "0-1"]
[Round "04"]
[TimeControl "180+1"]
[Date "2021.07.06"]
[WhiteClock "0:00:01"]
[BlackClock "0:00:12"]

1. d4 Nf6 2. Bg5 Ne4 3. Bf4 c5 4. f3 Qa5+ 5. c3 Nf6 6. d5 Qb6 7. Bc1 e6 8. e4 exd5 9. exd5 Bd6 10. Na3 O-O 11. Bd3 Re8+ 12. Ne2 Bf8 13. Nc4 Qc7 14. Ne3 d6 15. Kf2 Nbd7 16. Bc2 Ne5 17. h3 Bd7 18. a4 b6 19. b3 a6 20. c4 b5 21. axb5 axb5 22. Rxa8 Rxa8 23. Bb2 Re8 24. g4 bxc4 25. bxc4 Qb6 26. Bc3 Qa6 27. Qa1 Bc8 28. Bxe5 Rxe5 29. Qxa6 Bxa6 30. Ra1 Bc8 31. Ra8 Re8 32. Ba4 Bd7 33. Rxe8 Bxe8 34. Bxe8 Nxe8 35. Nc3 g6 36. Nb5 Bg7 37. Ke2 Kf8 38. Ng2 Ke7 39. Nf4 Nf6 40. Nd3 Nd7 41. Nf2 Ne5 42. Na3 Bh6 43. Nd3 Nd7 44. f4 f5 45. g5 Bg7 46. Ke3 Nb6 47. Kd2 h6 48. h4 hxg5 49. hxg5 Kd7 50. Kc2 Na4 51. Kb3 Nc3 52. Nb5 Ne2 53. Kc2 Bf8 54. Kd2 Ng3 55. Nf2 Kc8 56. Ke3 Kb7 57. Kf3 Nh5 58. Nd1 Kb6 59. Ne3 Ka5 60. Nc2 Ka4 61. Nc7 Kb3 62. Ne3 Kc3 63. Ne6 Be7 64. Nc7 Ng7 0-1


[Site "https://www.chess.com"]

[Event "Titled Tuesday Blitz July 6 2021"]
[White "Korchmar, Vasiliy"]
[Black "Isajevsky, Anton"]
[WhiteFideId "24131750"]
[BlackFideId "4142500"]
[WhiteElo "2370"]
[BlackElo "2510"]
[Result "1-0"]
[Round "04"]
[TimeControl "180+1"]
[Date "2021.07.06"]
[WhiteClock "0:00:03"]
[BlackClock "0:00:02"]

1. e4 c5 2. Nf3 d6 3. d4 cxd4 4. Nxd4 Nf6 5. Nc3 a6 6. Be2 e5 7. Nb3 Be7 8. Bg5 Be6 9. Bxf6 Bxf6 10. Bg4 O-O 11. O-O Nc6 12. Bxe6 fxe6 13. Qg4 Qe7 14. Rad1 Rac8 15. Ne2 b5 16. c3 a5 17. Rd3 b4 18. c4 a4 19. Nd2 Nd4 20. Nxd4 exd4 21. b3 axb3 22. axb3 Ra8 23. f4 e5 24. Nf3 Ra3 25. f5 Rfa8 26. h4 h6 27. Kh2 Ra2 28. Rfd1 Rc2 29. R1d2 Rc3 30. Kh3 Ra3 31. Rd1 Raxb3 32. R3d2 Rxc4 33. Ra2 Ra3 34. Rxa3 bxa3 35. Ra1 Ra4 36. Nd2 a2 37. Qd1 Ra3+ 38. Kh2 Qc7 39. Qh5 Qf7 40. Qe2 Bxh4 41. Nc4 Bg3+ 42. Kg1 Rc3 43. Nxd6 Qe7 44. Nb5 Qh4 45. Qxa2+ Kh7 46. Nxc3 1-0


[Site "https://www.chess.com"]

[Event "Titled Tuesday Blitz July 6 2021"]
[White "Kubatko, Ivan"]
[Black "Zubritskiy, Artyom"]
[WhiteFideId "24111473"]
[BlackFideId "4181247"]
[WhiteElo "2285"]
[BlackElo "2559"]
[Result "0-1"]
[Round "04"]
[TimeControl "180+1"]
[Date "2021.07.06"]
[WhiteClock "0:00:01"]
[BlackClock "0:00:08"]

1. e4 e5 2. Nf3 f5 3. Nxe5 Qf6 4. d4 d6 5. Nc4 fxe4 6. d5 Qg6 7. Nc3 Nf6 8. h3 Be7 9. Be3 O-O 10. Qd2 a6 11. a4 b6 12. g4 Nbd7 13. Bg2 h6 14. Qd4 Bb7 15. Nxe4 Nxd5 16. O-O-O Rae8 17. Bd2 Nf4 18. Bf3 c5 19. Qe3 d5 20. Rhe1 dxe4 21. Bxe4 Bxe4 22. Qxe4 Qxe4 23. Rxe4 Bg5 24. Rde1 Rxe4 25. Rxe4 Nxh3 26. a5 b5 27. Nd6 Rxf2 28. Bxg5 Nxg5 29. Re8+ Kh7 30. Rd8 Ne5 31. Ra8 Ngf3 32. b3 c4 0-1


[Site "https://www.chess.com"]

[Event "Titled Tuesday Blitz July 6 2021"]
[White "Kukhmazov, Arsen"]
[Black "Budiarti, Farah Yumna"]
[WhiteFideId "24108260"]
[BlackFideId "7107331"]
[WhiteElo "2453"]
[BlackElo "2514"]
[Result "1/2-1/2"]
[Round "04"]
[TimeControl "180+1"]
[Date "2021.07.06"]
[WhiteClock "0:00:17"]
[BlackClock "0:00:11"]

1. b3 Nf6 2. Bb2 g6 3. g3 Bg7 4. Bg2 O-O 5. Nf3 c5 6. O-O d5 7. e3 Nc6 8. d4 Ne4 9. Nfd2 cxd4 10. Nxe4 dxe4 11. exd4 Nxd4 12. c3 Nf3+ 13. Bxf3 exf3 14. Qxf3 h5 15. Qe2 Bg4 16. f3 Bh3 17. Rd1 Qb6+ 18. Qf2 Rfd8 19. Nd2 Rd3 20. Nc4 Qxf2+ 21. Kxf2 Rad8 22. Rxd3 Rxd3 23. Ke2 Rd8 24. Rd1 Rc8 25. Rc1 Be6 26. Ne3 b5 27. Rc2 a5 28. Ba3 Rxc3 29. Bxe7 a4 30. Rxc3 Bxc3 31. bxa4 bxa4 32. a3 Bb3 33. Kd3 Be5 34. Nc4 Bc7 35. Nd2 Bd5 36. Kd4 Be6 37. Ne4 Bb3 38. Nf6+ Kh8 39. Nd5 Ba5 40. f4 Be1 41. Ne3 Bf2 42. Ke4 Bxe3 43. Kxe3 Kg7 44. Ke4 Kg8 45. Ke5 Kg7 46. h3 Kg8 47. g4 hxg4 48. hxg4 Kg7 49. g5 Kg8 50. Kd6 Bd1 51. Bf6 Bb3 52. Ke7 Bd1 53. Be5 Bb3 54. Kf6 Bd1 55. f5 gxf5 56. Kxf5 Bc2+ 57. Kf6 Bb3 58. Bd6 Bd1 59. Be7 Bc2 60. Bd6 Bd1 61. Be7 Bc2 62. Bd6 Bd1 1/2-1/2


[Site "https://www.chess.com"]

[Event "Titled Tuesday Blitz July 6 2021"]
[White "LEGENYA1998"]
[Black "Rostovtsev, Dmitry"]
[BlackFideId "34278320"]
[WhiteElo "2466"]
[BlackElo "2114"]
[Result "0-1"]
[Round "04"]
[TimeControl "180+1"]
[Date "2021.07.06"]
[WhiteClock "0:01:50"]
[BlackClock "0:01:26"]

1. e4 c5 2. c3 Nf6 3. e5 Nd5 4. d4 cxd4 5. cxd4 Nc6 6. Nf3 d6 7. Bc4 Nb6 8. Bb5 dxe5 9. Nxe5 Bd7 10. Bxc6 Bxc6 11. Nxc6 bxc6 12. O-O g6 13. Nc3 Bg7 14. Be3 O-O 15. Rc1 Qd7 16. Na4 Rfd8 17. Nc5 Qd5 18. Qb3 Bxd4 19. Rfd1 Qxb3 20. Nxb3 Bxb2 21. Rb1 Bf6 22. Rdc1 Nd5 23. Rxc6 Nxe3 24. fxe3 Rd3 25. Kf2 a5 26. Ke2 Rad8 27. Nxa5 Rd2+ 28. Kf3 Rxa2 29. Nc4 h5 30. Rb7 Rd1 31. Nb6 Rf1+ 32. Ke4 Rxg2 33. Nd5 Rg4+ 34. Kd3 Rd1+ 0-1


[Site "https://www.chess.com"]

[Event "Titled Tuesday Blitz July 6 2021"]
[White "Lana Rodriguez, David"]
[Black "Vignesh, N R"]
[WhiteFideId "2270803"]
[BlackFideId "25012215"]
[WhiteElo "2401"]
[BlackElo "2401"]
[Result "0-1"]
[Round "04"]
[TimeControl "180+1"]
[Date "2021.07.06"]
[WhiteClock "0:00:17"]
[BlackClock "0:00:13"]

1. e4 c5 2. Nf3 Nc6 3. c3 Nf6 4. e5 Nd5 5. d4 cxd4 6. Bc4 e6 7. cxd4 d6 8. O-O Nb6 9. Bd3 dxe5 10. dxe5 Nb4 11. Be4 Qxd1 12. Rxd1 N4d5 13. Bd2 Bd7 14. Nc3 Bc6 15. Rac1 Be7 16. Nd4 O-O 17. Nxc6 bxc6 18. Ne2 c5 19. b3 a5 20. a4 Rfc8 21. Nc3 Nxc3 22. Bxc3 Ra7 23. Bd2 Nd5 24. Bd3 h6 25. Bc4 Nb6 26. Bb5 Nd5 27. Rc4 Nb6 28. Rc2 Nd5 29. Rdc1 Nb4 30. Rc3 Na2 31. R3c2 Nxc1 32. Rxc1 Bg5 33. f4 Be7 34. Kf1 g5 35. g3 Kg7 36. Ke2 Rd8 37. Be3 Rc7 38. Bd2 Ra7 39. Be3 Rc8 40. Rc4 f6 41. exf6+ Kxf6 42. Re4 Rd8 43. Bc4 Rd5 44. fxg5+ hxg5 45. h4 gxh4 46. gxh4 Rf5 47. Bg5+ Rxg5 48. hxg5+ Kxg5 49. Rxe6 Bf6 50. Kf3 Rd7 51. Ra6 Bc3 52. Ke4 Rd4+ 53. Ke3 Bd2+ 54. Ke2 Bb4 55. Ra8 Re4+ 56. Kd3 Rd4+ 57. Ke3 Kf5 58. Rf8+ Ke5 59. Re8+ Kf5 60. Rg8 Bd2+ 61. Ke2 Bb4 62. Rf8+ Ke4 63. Re8+ Kf4 64. Rf8+ 0-1


[Site "https://www.chess.com"]

[Event "Titled Tuesday Blitz July 6 2021"]
[White "Le, Tuan Minh"]
[Black "Rorrer, Grayson"]
[WhiteFideId "12401153"]
[BlackFideId "30944996"]
[WhiteElo "2450"]
[BlackElo "2122"]
[Result "1-0"]
[Round "04"]
[TimeControl "180+1"]
[Date "2021.07.06"]
[WhiteClock "0:00:59"]
[BlackClock "0:00:44"]

1. d4 Nf6 2. Nf3 e6 3. Bf4 c5 4. c3 Be7 5. e3 O-O 6. Bd3 cxd4 7. cxd4 Nc6 8. h3 b6 9. O-O Bb7 10. Nc3 d6 11. Rc1 a6 12. a3 b5 13. e4 Re8 14. Qe2 d5 15. e5 Nd7 16. h4 Bxh4 17. g3 Be7 18. Kg2 g6 19. Rh1 h5 20. Rh3 Kg7 21. Rch1 Rh8 22. Qe3 Qb6 23. Ne2 b4 24. Ng5 bxa3 25. bxa3 Raf8 26. g4 Ncxe5 27. gxh5 Ng4 28. Qg3 gxh5 29. Rxh5 Ndf6 30. Be5 1-0


[Site "https://www.chess.com"]

[Event "Titled Tuesday Blitz July 6 2021"]
[White "Leitao, Rafael"]
[Black "Chernomordik, Pavel"]
[WhiteFideId "2101246"]
[BlackFideId "2804530"]
[WhiteElo "2609"]
[BlackElo "2273"]
[Result "1-0"]
[Round "04"]
[TimeControl "180+1"]
[Date "2021.07.06"]
[WhiteClock "0:01:57"]
[BlackClock "0:01:41"]

1. c4 g6 2. g3 Bg7 3. Bg2 e5 4. Nc3 Nc6 5. d3 d6 6. Nf3 h6 7. O-O Be6 8. Rb1 Qd7 9. b4 Bh3 10. b5 Nd8 11. d4 Bxg2 12. Kxg2 exd4 13. Nxd4 Ne6 14. Nxe6 Qxe6 15. Nd5 O-O-O 16. Be3 Ne7 17. Bxa7 Nxd5 18. cxd5 Qe4+ 19. f3 Qc4 20. b6 Rhe8 21. Rc1 Qxe2+ 22. Rf2 1-0


[Site "https://www.chess.com"]

[Event "Titled Tuesday Blitz July 6 2021"]
[White "Ljukin, Sergei"]
[Black "Priasmoro, Novendra"]
[WhiteFideId "14102200"]
[BlackFideId "7105029"]
[WhiteElo "2309"]
[BlackElo "2309"]
[Result "0-1"]
[Round "04"]
[TimeControl "180+1"]
[Date "2021.07.06"]
[WhiteClock "0:00:21"]
[BlackClock "0:01:56"]

1. e4 c5 2. Nf3 Nc6 3. d4 cxd4 4. Nxd4 g6 5. c4 Nf6 6. Nc3 d6 7. Be2 Nxd4 8. Qxd4 Bg7 9. Be3 O-O 10. Qd2 a5 11. f3 a4 12. Rc1 Qa5 13. Nd5 Qxd2+ 14. Kxd2 Nxd5 15. cxd5 Bxb2 16. Rc7 e6 17. Bh6 Bg7 18. Bg5 exd5 19. exd5 Ra5 20. Bc4 b5 21. Bd3 b4 22. Bc4 Bf5 23. Be7 Rc8 24. Rxc8+ Bxc8 25. Bxd6 Bc3+ 26. Kc2 Bf5+ 27. Kc1 h5 28. Be7 b3 0-1


[Site "https://www.chess.com"]

[Event "Titled Tuesday Blitz July 6 2021"]
[White "Lodici, Lorenzo"]
[Black "Koelle, Tobias"]
[WhiteFideId "884189"]
[BlackFideId "16207378"]
[WhiteElo "2265"]
[BlackElo "2364"]
[Result "1-0"]
[Round "04"]
[TimeControl "180+1"]
[Date "2021.07.06"]
[WhiteClock "0:01:15"]
[BlackClock "0:00:07"]

1. e4 g6 2. d4 Bg7 3. Nc3 c6 4. h4 h5 5. Bg5 d5 6. Qd2 dxe4 7. O-O-O Nf6 8. Nge2 O-O 9. Ng3 Qa5 10. Kb1 Be6 11. a3 Nbd7 12. Ncxe4 Qxd2 13. Nxd2 b5 14. f3 Nb6 15. Bd3 a5 16. Rhe1 Rfd8 17. c3 c5 18. dxc5 Rxd3 19. cxb6 Rb8 20. Nde4 Rxd1+ 21. Rxd1 Rxb6 22. Nxf6+ exf6 23. Rd8+ Kh7 24. Be3 Rb7 25. Ne4 Bf5 26. Kc2 b4 27. axb4 axb4 28. c4 b3+ 29. Kd3 Rb4 30. Bd4 Ra4 31. Kc3 Bxe4 32. fxe4 Ra1 33. c5 Rd1 34. Kxb3 f5 35. Bf6 Rf1 36. Bxg7 Kxg7 37. c6 Rc1 38. exf5 Rxc6 39. fxg6 Rxg6 40. Rd2 Rg4 41. Kc3 Rxh4 42. b4 Rg4 43. b5 Rg3+ 44. Kc4 Rg4+ 45. Kc5 Rg3 46. Rb2 Rc3+ 47. Kd6 Kf6 48. b6 Rd3+ 49. Kc7 Rc3+ 50. Kd7 Rd3+ 51. Ke8 Re3+ 52. Kf8 Rd3 53. Kg8 Rd8+ 54. Kh7 Kg5 55. b7 Rb8 56. Kg7 f5 57. Rb5 h4 58. Kf7 Kg4 59. Kg6 Kg3 60. Kxf5 Kxg2 61. Kg4 h3 62. Rb2+ Kf1 63. Kxh3 Ke1 64. Kg4 Kd1 65. Kf5 Kc1 66. Rb6 Kc2 67. Ke6 Kc3 68. Kd5 Kd3 69. Kc6 Kc4 70. Kc7 1-0


[Site "https://www.chess.com"]

[Event "Titled Tuesday Blitz July 6 2021"]
[White "Lopez Gracia, Fernando"]
[Black "Deepan Chakkravarthy J."]
[WhiteFideId "2207184"]
[BlackFideId "5011132"]
[WhiteElo "2390"]
[BlackElo "2490"]
[Result "0-1"]
[Round "04"]
[TimeControl "180+1"]
[Date "2021.07.06"]
[WhiteClock "0:00:04"]
[BlackClock "0:00:33"]

1. e4 c6 2. d4 d5 3. exd5 cxd5 4. c4 Nf6 5. Nc3 e6 6. Nf3 Bb4 7. cxd5 Nxd5 8. Qc2 Nc6 9. Bd3 Nf6 10. O-O O-O 11. a3 Be7 12. Bg5 g6 13. Rad1 Nd5 14. Bh6 Re8 15. Rfe1 Bf6 16. Ne4 Bg7 17. Bg5 f6 18. Bc1 Qc7 19. h4 b6 20. h5 Bb7 21. hxg6 hxg6 22. Ng3 f5 23. Ng5 Qd6 24. Bb5 Nxd4 25. Rxd4 Bxd4 26. Bxe8 Rxe8 27. Qc4 e5 28. Ne2 Qc5 29. Qxc5 Bxc5 30. b4 Bd6 31. Bb2 Bb8 32. Rd1 a6 33. Nc3 Nxc3 34. Bxc3 Bc6 35. Kf1 Bc7 36. Nf3 Bxf3 37. gxf3 Kf7 38. Ke2 Ke6 39. Rh1 Bd6 40. Rh6 Rg8 41. Rh7 Rc8 42. Kd2 Be7 43. Rh6 Rg8 44. Rh7 Rd8+ 45. Ke2 Rd7 46. Bd2 Bf6 47. Rh1 b5 48. Rc1 Kd6 49. Be3 Rc7 50. Rd1+ Ke6 51. Bc5 Rd7 52. Rxd7 Kxd7 53. Kd3 Ke6 54. Bb6 Kd5 55. Bc7 e4+ 56. fxe4+ fxe4+ 57. Kc2 Bd4 58. Bg3 e3 59. fxe3 Bxe3 60. Kd3 Bd4 61. Bf4 Bf6 62. Bc1 g5 63. Ke3 Ke5 64. Kf3 Kf5 65. Kg3 Be5+ 66. Kf3 g4+ 67. Kg2 Ke4 68. Bd2 Kd3 69. Be1 Kc2 0-1


[Site "https://www.chess.com"]

[Event "Titled Tuesday Blitz July 6 2021"]
[White "Lortkipanidze, Nodar"]
[Black "Siddharth, Jagadeesh"]
[WhiteFideId "13604058"]
[BlackFideId "5818320"]
[WhiteElo "2312"]
[BlackElo "2127"]
[Result "1-0"]
[Round "04"]
[TimeControl "180+1"]
[Date "2021.07.06"]
[WhiteClock "0:00:17"]
[BlackClock "0:00:08"]

1. e4 e5 2. Nf3 Nc6 3. d4 exd4 4. Nxd4 Nf6 5. Nxc6 bxc6 6. e5 Qe7 7. Qe2 Nd5 8. c4 Ba6 9. b3 g6 10. Bb2 Bg7 11. g3 O-O 12. Bg2 Rae8 13. O-O Bxe5 14. Qxe5 Qxe5 15. Bxe5 Rxe5 16. cxd5 Bxf1 17. Kxf1 cxd5 18. Nc3 c6 19. Rd1 Rb8 20. Rd4 Kf8 21. Bf3 Ke7 22. Ra4 Rb7 23. Ne2 Kd6 24. Rh4 h5 25. Rf4 Re7 26. Ke1 Kc5 27. Kd2 Rb4 28. Rf6 a5 29. Nf4 Kb6 30. Nd3 Rb5 31. Be2 Kc7 32. h4 Rb8 33. Nc5 Rbe8 34. Bd3 Kb6 35. Na4+ Kc7 36. Kc3 d6 37. Kd2 Rb8 38. Nc3 Rb4 39. Ne2 a4 40. Kc3 axb3 41. axb3 Rb8 42. b4 c5 43. Nf4 cxb4+ 44. Kd4 Kc6 45. Nxd5 Re5 46. Be4 Kd7 47. Rxf7+ Ke8 48. Rh7 Rb5 49. Nc7+ Kf8 50. Nxb5 Rxb5 51. Bb1 b3 52. Bxg6 b2 53. Bb1 Re5 54. Rb7 Re2 55. f4 Rg2 56. Kd5 Rxg3 57. Rxb2 Rg4 58. f5 Rxh4 59. Ke6 Re4+ 60. Bxe4 1-0


[Site "https://www.chess.com"]

[Event "Titled Tuesday Blitz July 6 2021"]
[White "Manukyan, Artyom"]
[Black "Plat, Vojtech"]
[WhiteFideId "13305786"]
[BlackFideId "325740"]
[WhiteElo "2034"]
[BlackElo "2486"]
[Result "0-1"]
[Round "04"]
[TimeControl "180+1"]
[Date "2021.07.06"]
[WhiteClock "0:01:10"]
[BlackClock "0:00:55"]

1. e4 c5 2. Nc3 Nc6 3. Bb5 Nd4 4. Nf3 g6 5. Nxd4 cxd4 6. Ne2 Bg7 7. O-O a6 8. Ba4 b5 9. Bb3 Bb7 10. d3 d5 11. f3 e6 12. Qe1 Ne7 13. Qf2 O-O 14. Bd2 e5 15. a4 f5 16. Qh4 f4 17. Bb4 Bf6 18. Qf2 Kg7 19. exd5 Bxd5 20. Bxd5 Qxd5 21. axb5 axb5 22. c3 g5 23. Rfe1 Rfe8 24. Rxa8 Rxa8 25. cxd4 Nf5 26. dxe5 Bxe5 27. Nc3 Qd4 28. Re4 Ra1+ 29. Nd1 Rxd1+ 30. Be1 Qxf2+ 31. Kxf2 Bxb2 32. Rb4 Bd4+ 33. Ke2 Rxe1+ 0-1


[Site "https://www.chess.com"]

[Event "Titled Tuesday Blitz July 6 2021"]
[White "Matinian, Nikita"]
[Black "Galego, Luis"]
[WhiteFideId "24129100"]
[BlackFideId "1900072"]
[WhiteElo "2410"]
[BlackElo "2524"]
[Result "0-1"]
[Round "04"]
[TimeControl "180+1"]
[Date "2021.07.06"]
[WhiteClock "0:01:21"]
[BlackClock "0:01:24"]

1. e4 e5 2. Bc4 Nf6 3. d3 c6 4. Nf3 d5 5. Bb3 dxe4 6. Nxe5 Qa5+ 7. Bd2 Qxe5 8. Bc3 Qg5 9. O-O Bh3 10. g3 Bxf1 11. Qxf1 Nbd7 12. Nd2 e3 13. f4 Qc5 14. d4 Qh5 15. Re1 O-O-O 16. Rxe3 Bd6 17. Nc4 Bc7 18. Re7 Nd5 19. Re5 Nxe5 20. fxe5 f6 21. e6 Rhe8 0-1


[Site "https://www.chess.com"]

[Event "Titled Tuesday Blitz July 6 2021"]
[White "Michailov, Matias"]
[Black "Erdogdu, Mert"]
[WhiteFideId "3001571"]
[BlackFideId "6301495"]
[WhiteElo "2231"]
[BlackElo "2485"]
[Result "1-0"]
[Round "04"]
[TimeControl "180+1"]
[Date "2021.07.06"]
[WhiteClock "0:00:22"]
[BlackClock "0:00:05"]

1. d4 d5 2. c4 e6 3. Nf3 c5 4. cxd5 exd5 5. g3 Nc6 6. Bg2 Nf6 7. O-O Be7 8. Nc3 O-O 9. Bg5 cxd4 10. Nxd4 h6 11. Be3 Re8 12. Rc1 Bf8 13. Qb3 Na5 14. Qc2 Nc4 15. Nxd5 Nxd5 16. Qxc4 Nxe3 17. fxe3 Qe7 18. Kh1 g6 19. Bd5 Be6 20. Nxe6 fxe6 21. Be4 Qg5 22. Rf3 Bg7 23. Rcf1 Re7 24. b4 Rd8 25. Bd3 Rdd7 26. Rf4 h5 27. Qe4 Kh7 28. h4 Qd5 29. Kh2 Qxe4 30. Rxe4 Kh6 31. Rc1 Rd6 32. Rc8 e5 33. g4 hxg4 34. Rxg4 e4 35. Bxe4 Rde6 36. Bd3 Be5+ 37. Kg2 Rf6 38. Rg8 Rg7 39. Rxg7 Kxg7 40. h5 Rb6 41. hxg6 a6 42. Kf3 Bf6 43. a3 Rc6 44. a4 Rc3 45. b5 axb5 46. axb5 Rb3 47. Ke4 Rb4+ 48. Kf5 1-0


[Site "https://www.chess.com"]

[Event "Titled Tuesday Blitz July 6 2021"]
[White "Mickiewicz, Piotr"]
[Black "Kotsur, Pavel"]
[WhiteFideId "1114891"]
[BlackFideId "13700278"]
[WhiteElo "2263"]
[BlackElo "2521"]
[Result "0-1"]
[Round "04"]
[TimeControl "180+1"]
[Date "2021.07.06"]
[WhiteClock "0:00:01"]
[BlackClock "0:00:30"]

1. e4 c5 2. Nf3 d6 3. d4 cxd4 4. Qxd4 Nf6 5. Nc3 Nc6 6. Bb5 Nd7 7. Qe3 g6 8. O-O Bg7 9. Bd2 O-O 10. Rfe1 a6 11. Bf1 b5 12. a3 Bb7 13. Rad1 Rc8 14. Bc1 Na5 15. Nd5 Rxc2 16. Bd2 Nc4 17. Bxc4 Rxc4 18. Bc3 Bxc3 19. Nxc3 f6 20. Nd4 Rf7 21. Ne6 Qc8 22. Nd5 Nc5 23. Nxc5 Qxc5 24. b4 Qxe3 25. Rxe3 Kf8 26. f4 e6 27. Nc3 Rd7 28. Rdd3 Ke7 29. Kf2 f5 30. exf5 Rxf4+ 31. Kg3 Rxf5 32. h4 Rc7 33. Ne2 Rd5 34. Nd4 e5 35. Nf3 Rxd3 36. Rxd3 Bxf3 37. gxf3 Rc4 38. Rd1 Ke6 39. h5 gxh5 40. Rh1 h4+ 41. Kf2 Kf5 42. Rg1 Rc2+ 43. Ke3 Rc3+ 44. Ke2 Rxa3 45. Rg4 h3 46. Rh4 h2 47. Rh5+ Kg6 48. Rh4 Ra1 0-1


[Site "https://www.chess.com"]

[Event "Titled Tuesday Blitz July 6 2021"]
[White "Mirzoev, Azer"]
[Black "Ciorgovean, Iustin"]
[WhiteFideId "13400304"]
[BlackFideId "1242911"]
[WhiteElo "2525"]
[BlackElo "2075"]
[Result "0-1"]
[Round "04"]
[TimeControl "180+1"]
[Date "2021.07.06"]
[WhiteClock "0:00:06"]
[BlackClock "0:00:23"]

1. d4 Nf6 2. Nf3 g6 3. Bf4 Bg7 4. e3 O-O 5. Be2 c5 6. c3 d6 7. O-O b6 8. h3 Bb7 9. a4 a6 10. Nbd2 Nbd7 11. Re1 Ra7 12. Bd3 cxd4 13. exd4 Nd5 14. Bh2 Bh6 15. Qb3 Nf4 16. Bf1 Bd5 17. c4 Ba8 18. d5 Nc5 19. Qc3 a5 20. Nd4 e5 21. dxe6 Ncxe6 22. Nb5 Rd7 23. Ne4 Bg7 24. Qe3 d5 25. cxd5 Nxd5 26. Qb3 Ndf4 27. Bg3 Nd3 28. Bxd3 Rxd3 29. Qc2 Rd5 30. Nec3 Rd3 31. Rad1 Rxd1 32. Rxd1 Qc8 33. Nd6 Qc6 34. Qe4 Rd8 35. Qxc6 Bxc6 36. Rd2 Bxc3 37. bxc3 Nc5 38. Rd4 Nxa4 39. c4 Nc5 40. Rd1 a4 41. Ra1 Nb3 42. Ra2 f6 43. f3 Kf8 44. Nb5 Bxb5 45. cxb5 Ra8 46. Bd6+ Kf7 47. Bb4 Ke6 48. Re2+ Kd5 49. Ba3 Nd4 50. Re7 Nc2 51. Bb2 a3 52. Bxf6 a2 53. Rd7+ Ke6 54. Rc7 Kxf6 55. Rc6+ Kg7 56. Rc7+ Kh6 57. Rxc2 a1=Q+ 0-1


[Site "https://www.chess.com"]

[Event "Titled Tuesday Blitz July 6 2021"]
[White "Mohammad Fahad, Rahman"]
[Black "Tomiello, Lucas Costamilan"]
[WhiteFideId "10207791"]
[BlackFideId "22701940"]
[WhiteElo "2323"]
[BlackElo "1945"]
[Result "0-1"]
[Round "04"]
[TimeControl "180+1"]
[Date "2021.07.06"]
[WhiteClock "0:00:28"]
[BlackClock "0:00:15"]

1. c4 Nf6 2. Nc3 d5 3. cxd5 Nxd5 4. e4 Nxc3 5. bxc3 g6 6. Nf3 Bg7 7. Bc4 O-O 8. O-O Nc6 9. d4 e5 10. Ba3 Re8 11. d5 Na5 12. Be2 c6 13. c4 b5 14. c5 cxd5 15. Bxb5 dxe4 16. Bxe8 Qxe8 17. Nd2 f5 18. Bb4 Nc6 19. a3 a5 20. Bc3 a4 21. Nc4 Be6 22. Nb6 Bb3 23. Qd7 Qxd7 24. Nxd7 Rd8 25. Nb6 Rd3 26. Rfc1 Bh6 27. Be1 Bxc1 28. Rxc1 f4 29. Kf1 Kf7 30. h4 f3 31. gxf3 exf3 32. Nc8 Rd4 33. Nd6+ Ke6 34. Rc3 Bd1 35. Re3 Rxh4 36. Kg1 Nd4 37. Bc3 Ne2+ 38. Rxe2 fxe2 39. f3 Rh3 40. Kf2 Rh2+ 41. Ke1 Rh1+ 42. Kf2 Rf1+ 43. Ke3 e1=Q+ 44. Bxe1 Rxe1+ 45. Kd2 Rh1 46. Ne4 Kd5 47. Nc3+ Kxc5 48. Nxd1 Rh2+ 49. Kd3 h5 50. Nc3 Rh3 51. Nxa4+ Kb5 52. Nc3+ Ka5 53. Ke4 g5 54. Nd1 g4 55. fxg4 hxg4 56. Ne3 g3 57. Kf3 g2+ 58. Kf2 Rxe3 59. Kxe3 g1=Q+ 60. Ke4 Qd4+ 61. Kf5 Ka4 62. Ke6 Kxa3 63. Kf7 e4 64. Kg6 e3 65. Kh7 e2 66. Kg8 e1=Q 67. Kh7 Qdf2 68. Kh8 Qh1+ 69. Kg7 Qhg1+ 70. Kh7 Qfh2# 0-1


[Site "https://www.chess.com"]

[Event "Titled Tuesday Blitz July 6 2021"]
[White "Mons, Leon"]
[Black "Nygren, Kim"]
[WhiteFideId "4614950"]
[BlackFideId "1706136"]
[WhiteElo "2492"]
[BlackElo "2257"]
[Result "1-0"]
[Round "04"]
[TimeControl "180+1"]
[Date "2021.07.06"]
[WhiteClock "0:01:03"]
[BlackClock "0:01:30"]

1. Nf3 Nf6 2. c4 g6 3. Nc3 Bg7 4. e4 d6 5. d4 O-O 6. Be2 e5 7. d5 a5 8. Bg5 Na6 9. Nd2 Bd7 10. O-O Qe8 11. b3 h6 12. Bh4 Nh7 13. f3 f5 14. a3 g5 15. Bf2 f4 16. b4 axb4 17. axb4 Nxb4 18. Qb3 c5 19. dxc6 Nxc6 20. c5+ Kh8 21. cxd6 Rxa1 22. Rxa1 Nd4 23. Qxb7 Nxe2+ 24. Nxe2 g4 25. Ra7 Nf6 26. Bh4 gxf3 27. Nxf3 Qg6 28. Bxf6 Bxf6 29. Qxd7 Qxe4 30. Qb7 Qg6 31. Ra8 Rxa8 32. Qxa8+ Kh7 33. Nc3 1-0


[Site "https://www.chess.com"]

[Event "Titled Tuesday Blitz July 6 2021"]
[White "Mortazavi, Ali"]
[Black "Lee, Qing Aun"]
[WhiteFideId "401323"]
[BlackFideId "5804167"]
[WhiteElo "2339"]
[BlackElo "2023"]
[Result "1-0"]
[Round "04"]
[TimeControl "180+1"]
[Date "2021.07.06"]
[WhiteClock "0:00:49"]
[BlackClock "0:01:10"]

1. Nf3 d5 2. g3 Nc6 3. Bg2 e5 4. d3 f6 5. O-O Be6 6. a3 Qd7 7. b4 a6 8. Nbd2 Nge7 9. c4 g6 10. cxd5 Nxd5 11. Bb2 Bg7 12. Ne4 b6 13. d4 f5 14. Neg5 e4 15. Nxe6 Qxe6 16. Ng5 Qe7 17. Nh3 O-O 18. Rc1 Qd6 19. e3 Nce7 20. Qb3 Kh8 21. f3 exf3 22. Bxf3 Rae8 23. Rce1 Nf6 24. Nf4 g5 25. Ne6 g4 26. Bg2 Rg8 27. Nxg7 Rxg7 28. d5 Rg6 29. e4 fxe4 30. Rxe4 1-0


[Site "https://www.chess.com"]

[Event "Titled Tuesday Blitz July 6 2021"]
[White "Naroditsky, Daniel"]
[Black "Moroni, Luca Jr"]
[WhiteFideId "2026961"]
[BlackFideId "865834"]
[WhiteElo "2608"]
[BlackElo "2491"]
[Result "0-1"]
[Round "04"]
[TimeControl "180+1"]
[Date "2021.07.06"]
[WhiteClock "0:00:14"]
[BlackClock "0:00:18"]

1. e4 e5 2. Nf3 Nc6 3. Nc3 Nf6 4. g3 g6 5. Bg2 Bg7 6. O-O O-O 7. d3 d6 8. Be3 Be6 9. h3 h6 10. d4 exd4 11. Nxd4 Nxd4 12. Bxd4 Qd7 13. Kh2 h5 14. Qd2 Rad8 15. Rfe1 h4 16. g4 d5 17. exd5 Nxd5 18. Bxg7 Kxg7 19. Rad1 Nf6 20. Qf4 Qe7 21. Bxb7 Rxd1 22. Nxd1 Rd8 23. Bf3 Qc5 24. Ne3 Rd4 25. b4 Rxf4 26. bxc5 Rxf3 27. Kg2 Rf4 28. Rb1 Nd5 29. Nf1 Rb4 30. Rd1 Nf4+ 31. Kh2 Rb2 32. Ne3 Rxa2 33. c6 Ra6 34. Rd4 g5 35. Re4 Rxc6 36. Re5 Kf6 37. Ra5 a6 38. c4 Bxc4 39. Rf5+ Kg6 40. Ra5 Be6 41. Ra2 Bxa2 0-1


[Site "https://www.chess.com"]

[Event "Titled Tuesday Blitz July 6 2021"]
[White "Nitish Belurkar"]
[Black "Khusnutdinov, Rustam"]
[WhiteFideId "5084768"]
[BlackFideId "13701703"]
[WhiteElo "2306"]
[BlackElo "2571"]
[Result "0-1"]
[Round "04"]
[TimeControl "180+1"]
[Date "2021.07.06"]
[WhiteClock "0:00:01"]
[BlackClock "0:00:50"]

1. d4 d5 2. Nf3 e6 3. e3 Nf6 4. Bd3 c5 5. c3 Nc6 6. Nbd2 Bd6 7. O-O O-O 8. Qe2 b6 9. e4 Bc7 10. e5 Nh5 11. g3 cxd4 12. cxd4 Nb4 13. Bb5 Bd7 14. a3 Nc6 15. Bd3 g6 16. Rd1 f5 17. b4 g5 18. Nb3 g4 19. Nh4 Ng7 20. Bh6 Be8 21. Rac1 Ne7 22. Bg5 Ba4 23. Rc3 Qd7 24. Rdc1 Bd8 25. Nd2 Ng6 26. Bxd8 Rfxd8 27. Rc7 Rac8 28. Rxc8 Rxc8 29. Rxc8+ Qxc8 30. Nxg6 hxg6 31. Bb5 Qc1+ 32. Nf1 Bxb5 33. Qxb5 Qxa3 34. Kg2 Qf3+ 35. Kg1 Qc3 36. Qd7 Qxb4 37. Qxa7 Qxd4 38. Qb8+ Kh7 39. Qd8 Qxe5 40. Qh4+ Kg8 41. Qd8+ Kf7 42. Qd7+ Kf8 43. Qd8+ Ne8 44. Qxb6 Qd6 45. Qe3 e5 46. Qh6+ Kg8 47. Ne3 d4 48. Nc4 Qe6 49. Nd2 e4 50. Kf1 e3 51. fxe3 dxe3 52. Nb1 Qc4+ 53. Ke1 Qc1+ 54. Ke2 Qxb1 55. Qxg6+ Ng7 56. Kxe3 f4+ 57. Kxf4 Qxg6 58. h4 gxh3 0-1


[Site "https://www.chess.com"]